 Dungeon Crawl Stone Soup version 0.29-a0-418-gc0181ea820 (webtiles) character file.

Game seed: 2212124220324773403

2041 Bapho the Tainter (level 9, -6/72 (86) HPs)
             Began as a Naga Venom Mage on May 17, 2022.
             Was a Priest of Cheibriados.
             Mangled by a wight
             ... wielding a +4 flail
              (11 damage)
             ... on level 6 of the Dungeon.
             The game lasted 00:12:23 (6870 turns).

Bapho the Tainter (Naga Venom Mage)                 Turns: 6870, Time: 00:12:23

HP:   -6/72 (86)    AC:  9    Str: 17    XL:     9   Next: 24%
MP:   4/14          EV:  8    Int: 35    God:    Cheibriados [***...]
Gold: 473           SH:  0    Dex: 19    Spells: 4/15 levels left

rFire   + . .      SeeInvis +   u - +6 mace of Death {holy, rCorr Int+4}
rCold   . . .      Faith    .   (no shield)
rNeg    . . .      Spirit   .   a - +0 robe
rPois   +          Reflect  .   t - +0 helmet of Patience {rF+ Will+ Int+4}
rElec   .          Harm     .   (no cloak)
rCorr   +          Rampage  .   (no gloves)
Will    ++...                   A - +0 barding
Stlth   +++.......              (no amulet)
HPRegen 0.22/turn               (no ring)
MPRegen 0.14/turn               (no ring)

@: heavily drained, very slow
A: AC +3, large, see invisible, deformed body, poison resistance, slowness 2,
spit poison 1, naga tail 1
a: Spit Poison, Renounce Religion, Bend Time, Temporal Distortion


You were on level 6 of the Dungeon.
You worshipped Cheibriados.
Cheibriados was most pleased with you.
You visited 1 branch of the dungeon, and saw 6 of its levels.

You collected 473 gold pieces.

Inventory:

Hand Weapons
 c - the +9 dagger "Puul" {flame, MP+9}
   (You found it on level 2 of the Dungeon)

   It burns those it strikes, dealing additional fire damage.
   MP:        It affects your magic capacity (+9).
 d - a +0 spear
 i - a +2 hand axe of flaming
 u - the +6 mace of Death (weapon) {holy, rCorr Int+4}
   (You found it on level 3 of the Dungeon)

   It has been blessed by the Shining One to cause great damage to the undead
   and demons.
   Int:       It affects your intelligence (+4).
   rCorr:     It protects you from acid and corrosion.
Missiles
 k - 3 throwing nets
Armour
 a - a +0 robe (worn)
 t - the +0 helmet of Patience (worn) {rF+ Will+ Int+4}
   (You took it off Robin on level 3 of the Dungeon)

   Int:       It affects your intelligence (+4).
   rF:        It protects you from fire.
   Will:      It increases your willpower.
 A - a +0 barding (worn)
Jewellery
 o - an amulet of reflection
Wands
 l - a wand of polymorph (1)
Scrolls
 f - 2 scrolls of teleportation {unknown}
 h - 3 scrolls of poison {unknown}
 j - a scroll of noise {unknown}
 n - 2 scrolls of enchant armour {unknown}
 p - a scroll of acquirement {unknown}
 v - 2 scrolls of fear
 y - 4 scrolls of identify
 z - a scroll of immolation {unknown}
Potions
 b - a potion of magic
 e - 3 potions of curing
 g - 3 potions of invisibility
 m - a potion of degeneration {unknown}
 q - 2 potions of ambrosia {unknown}
 r - a potion of attraction {unknown}
 s - 2 potions of brilliance {unknown}
 w - 2 potions of heal wounds
 x - a potion of haste {unknown}
 B - a potion of berserk rage {unknown}


   Skills:
 + Level 7.2 Fighting
 - Level 1.5 Dodging
 - Level 3.0 Stealth
 - Level 3.8 Spellcasting
 - Level 2.3 Transmutations
 + Level 4.9 Air Magic
 - Level 9.3 Poison Magic


You had 4 spell levels left.
You knew the following spells:

 Your Spells              Type           Power      Damage    Failure   Level
a - Sting                 Tmut/Pois      100%       1d8       1%          1
b - Poisonous Vapours     Pois/Air       100%       N/A       1%          2
c - Olgreb's Toxic Radia  Pois           64%        N/A       1%          4
d - Airstrike             Air            20%        N/A       6%          4

Your spell library contained the following spells:

 Spells                   Type           Power      Damage    Failure   Level
 Mephitic Cloud           Conj/Pois/Air  40%        N/A       1%          3
 Static Discharge         Conj/Air       24%        N/A       2%          2
 Wereblood                Tmut           23%        N/A       2%          2
 Apportation              Tloc           12%        N/A       4%          1
 Magic Dart               Conj           24%        1d4       4%          1
 Slow                     Hex            24%        N/A       4%          1
 Searing Ray              Conj           12%        2d4       7%          2
 Sublimation of Blood     Necr           6%         N/A       7%          2
 Confusing Touch          Hex            6%         N/A       14%         3
 Vampiric Draining        Necr           6%         2d6       14%         3
 Summon Lightning Spire   Summ/Air       24%        N/A       17%         4
 Dispel Undead            Necr           6%         3d8       43%         4
 Fulminant Prism          Conj/Hex       3%         3d6       43%         4
 Sticky Flame             Conj/Fire      6%         2d3       43%         4
 Alistair's Intoxication  Tmut/Pois      31%        N/A       12%         5
 Lightning Bolt           Conj/Air       12%        1d25      43%         5
 Summon Hydra             Summ           3%         N/A       100%        7


Dungeon Overview and Level Annotations

Branches:
Dungeon (6/15)
 Temple: D:4-7

Altars:
Cheibriados
Hepliaklqana
Kikubaaqudgha
Wu Jian

Annotations:
D:6 2 runed translucent doors, Essalna's ghost, amateur DrTm


Innate Abilities, Weirdness & Mutations

Your serpentine skin is tough. (AC +3)
You have supernaturally acute eyesight. (SInv)
Armour fits poorly on your strangely shaped body.
Your system is resistant to poisons. (rPois)
You cover ground very slowly.
You can spit poison.
You have a snake-like lower body.


Message History

The wight barely misses you.
Aiming: Spit Poison (1% risk of failure)
Press: ? - help, Shift-Dir - straight line, f - you, p - wight That beam is likely to hit you.
Continue anyway? [Y]es or [N]o only, please.
That beam is likely to hit you.
Continue anyway? [Y]es or [N]o only, please.
That beam is likely to hit you.
Continue anyway?
Okay, then.
Aiming: Spit Poison (1% risk of failure)
Press: ? - help, Shift-Dir - straight line, f - wight
Aim: a wight, wielding a +4 scimitar and wearing a +0 robe (severely damaged, 64% to hit)
You fail to use your ability.
The wight hits you from afar with a +4 spear!
You feel drained.
Okay, then.
You feel much better. The wight barely misses you. x2
The wight hits you with a +4 scimitar!
You barely miss the wight.
The wight is severely damaged.
The wight hits you with a +4 flail.
You feel drained. The wight hits you with a +4 scimitar!
You feel drained. The wight hits you but does no damage.
The wight hits you with a +4 flail. The wight barely misses you.
The wight hits you with a +4 scimitar!
* * * LOW HITPOINT WARNING * * *
You feel drained.
* * * LOW HITPOINT WARNING * * *
Okay, then.
Okay, then.
You fail to use your ability.
The wight closely misses you. The wight hits you with a +4 flail!
* * * LOW HITPOINT WARNING * * *
You feel drained.
The wight hits you from afar with a +4 spear.
* * * LOW HITPOINT WARNING * * *
You feel drained. The wight attacks as you move away!
The wight completely misses you. The wight attacks as you move away!
The wight closely misses you. The wight barely misses you.
The wight hits you with a +4 flail!
You die...

....$....## ##### ........
z. ## #..)# ....) >##.##.
#...# # #..# ..#..≈# #...#
#.##.# ..#..≈. #...#
#!.†.# ..+≈#≈. #...#
#.##z# ..+≈..( # #...#
###.z###..#W⌠..
.####...####...z@....#.≈#
....##)##....#####.####§≈#
#.........#######...###
#.................##..#
##..#.############.##..#
#.....# ######.#..##
.....## #.......>.# #.#)##
#.####.##.# #.#)# #.#
##.#..#


You could see 3 wights and Essalna's ghost (wandering).

Vanquished Creatures
  A kobold demonologist (D:6)
  A wraith (D:6)
  A steam dragon (D:5)
  Menkaure (D:5)
  2 orc warriors (D:6)
  An ogre (D:6)
  A centaur (D:6)
  A phantom (D:5)
  2 scorpions
  A bullfrog (D:3)
  A necrophage (D:4)
  A wight (D:6)
  2 howler monkeys
  2 hounds (D:4)
  An orc priest (D:4)
  A gnoll shaman (D:5)
  Terence (D:2)
  3 orc wizards
  3 iguanas
  Robin (D:3)
  11 adders
  3 gnolls (D:5)
  2 white imps
  2 worms
  2 dart slugs
  14 orcs
  6 ball pythons
  4 bats
  5 endoplasms
  3 giant cockroaches (D:1)
  15 goblins
  8 hobgoblins
  11 jackals
  A quokka (D:2)
  A frilled lizard (D:2)
  4 kobolds
  9 rats
129 creatures vanquished.

Notes
Turn   | Place    | Note
-------+----------+-------------------------------------------
     0 | D:1      | Bapho the Naga Venom Mage began the quest for the Orb.
     0 | D:1      | Reached XP level 1. HP: 15/15 MP: 3/3
   293 | D:1      | Reached XP level 2. HP: 20/22 MP: 1/5
  1015 | D:1      | Found a faded altar of an unknown god.
  1166 | D:2      | Reached XP level 3. HP: 28/28 MP: 6/6
  1180 | D:2      | Identified the +9 dagger "Puul" {flame, MP+9}
  1576 | D:2      | Noticed Terence
  1583 | D:2      | Killed Terence
  1584 | D:2      | Reached skill level 5 in Poison Magic
  1584 | D:2      | Reached XP level 4. HP: 25/36 MP: 8/8
  1706 | D:2      | Learned a level 2 spell: Poisonous Vapours
  1711 | D:2      | Learned a level 4 spell: Olgreb's Toxic Radiance
  2291 | D:3      | Found a snail-covered altar of Cheibriados.
  2293 | D:3      | Found a hazy altar of Hepliaklqana.
  2364 | D:3      | Became a worshipper of Cheibriados the Contemplative
  2462 | D:3      | Reached XP level 5. HP: 36/42 MP: 9/9
  2641 | D:3      | Reached skill level 6 in Poison Magic
  2930 | D:3      | Identified the +0 helmet of Patience {rF+ Will+ Int+4}
  2930 | D:3      | Noticed Robin
  2931 | D:3      | Reached * piety under Cheibriados
  2937 | D:3      | Killed Robin
  3073 | D:3      | Reached XP level 6. HP: 37/49 MP: 9/11
  3167 | D:3      | Identified the +6 mace of Death {holy, rCorr Int+4}
  3305 | D:3      | Found an ornate altar of the Wu Jian Council.
  3431 | D:3      | Reached skill level 1 in Fighting
  3757 | D:4      | Reached skill level 7 in Poison Magic
  3835 | D:4      | Reached ** piety under Cheibriados
  3911 | D:4      | Reached XP level 7. HP: 54/61 MP: 12/12
  4110 | D:4      | Found an ancient bone altar of Kikubaaqudgha.
  4516 | D:5      | Entered Level 5 of the Dungeon
  4525 | D:5      | Reached skill level 8 in Poison Magic
  4900 | D:5      | Identified the +4 rapier "Jelly's Curse" {vorpal, Will+
                  | Str+4 Int+4 Dex+4}
  5358 | D:5      | Noticed Menkaure
  5363 | D:5      | Killed Menkaure
  5364 | D:5      | Reached XP level 8. HP: 38/73 MP: 13/13
  5624 | D:5      | Reached skill level 9 in Poison Magic
  6088 | D:6      | Reached skill level 5 in Fighting
  6280 | D:6      | Reached *** piety under Cheibriados
  6281 | D:6      | Reached skill level 1 in Air Magic
  6289 | D:6      | Noticed a kobold demonologist
  6373 | D:6      | Noticed a smoke demon
  6375 | D:6      | Killed a kobold demonologist
  6497 | D:6      | Found a large runed translucent door.
  6497 | D:6      | Found a large runed translucent door.
  6498 | D:6      | Noticed Essalna's ghost (amateur DrTm)
  6530 | D:5      | Learned a level 4 spell: Airstrike
  6614 | D:6      | Reached XP level 9. HP: 77/85 MP: 2/14
  6870 | D:6      | Mangled by a wight

Illustrated notes

Levels and vault maps discovered:
D:1:      dpeg_arrival_long_road, layout_basic, shapermc_ecumenical_altar_ellora
D:2:      layout_loops_ring, kennysheep_generic_room_10, uniq_terence
D:3:      layout_basic, nzn_wu_jian_council_hall,
          mainiacjoe_overflow_catwalk_spiral, uniq_robin
D:4:      layout_basic, amcnicky_altar_gilded, minmay_joined_circles
D:5:      layout_basic, grunt_ministairs_8, grunt_decor_clamped, uniq_menkaure
D:6:      layout_rooms, mainiacjoe_overflow_six_doors_small, temple_fountains,
          ebering_ghost_disaster_area, minmay_divided_ellipse

Skill      XL: |  1  2  3  4  5  6  7  8  9 |
---------------+----------------------------+-----
Transmutations | 2 |  2.3
Poison Magic   | 5 6 7 8 9 |  9.3
Spellcasting   | 3 |  3.8
Fighting       | 2 4 6 7 |  7.2
Air Magic      | 4 |  4.9
Dodging        | |  1.5
Stealth        | |  3.0

Action                   |  1- 3 |  4- 6 |  7- 9 || total
-------------------------+-------+-------+-------++-------
Melee: Hand axe          |    25 |       |       ||    25
       Spear             |     1 |       |       ||     1
       Dagger            |    14 |    55 |       ||    69
       Punch             |     1 |       |     1 ||     2
       Mace              |       |     9 |    58 ||    67
 Cast: Sting             |    39 |    10 |       ||    49
       Poisonous Vapours |       |    50 |    35 ||    85
       Olgreb's Toxic Ra |       |     8 |    14 ||    22
       Airstrike         |       |       |     6 ||     6
 Abil: Spit Poison       |     4 |     2 |     2 ||     8
  Use: Scroll            |     3 |     1 |     1 ||     5
       Potion            |       |       |     1 ||     1
Armor: Robe              |     9 |    11 |    29 ||    49
Dodge: Dodged            |    13 |    39 |    41 ||    93

Table legend: (Time is in decaauts)
 A = Elapsed time spent in this place.
 B = Non-inter-level travel time spent in this place.
 C = Inter-level travel time spent in this place.
 D = Time resting spent in this place.
 E = Time spent auto-exploring this place.
 F = Levels seen in this place.
 G = Mean time per level.
                   A        B        C        D        E       F      G
               +--------+--------+--------+--------+--------+-----+--------+
         Total |   9300 |   8989 |    311 |    469 |   7339 |   6 | 1550.0 |
       Dungeon |   9300 |   8989 |    311 |    469 |   7339 |   6 | 1550.0 |
               +--------+--------+--------+--------+--------+-----+--------+

Top non-repeatable levels by time:
     D:5: 2761 daAuts
     D:3: 1769 daAuts
     D:2: 1389 daAuts
     D:1: 1346 daAuts
     D:4: 1299 daAuts
     D:6: 734 daAuts
